 Dungeon Crawl Stone Soup version 0.22.1-6-g1668fe2c40 (webtiles) character file.

335 Ihlosi the Magician (level 6, -1/34 HPs)
             Began as a Kobold Fire Elementalist on Jan 21, 2019.
             Killed from afar by an orc wizard (8 damage)
             ... with a magic dart
             ... on level 4 of the Dungeon.
             The game lasted 00:09:55 (3288 turns).

Ihlosi the Magician (Kobold Fire Elementalist)      Turns: 3288, Time: 00:09:55

Health: -1/34      AC:  2    Str:  5    XL:     6   Next: 84%
Magic:  12/12      EV: 16    Int: 18    God:
Gold:   145        SH:  0    Dex: 16    Spells: 8/13 levels left

rFire    . . .     SeeInvis .   a - +1 falchion
rCold    . . .     Gourm    .   (shield restricted)
rNeg     . . .     Faith    .   h - +0 robe
rPois    .         Spirit   .   (no helmet)
rElec    .         Reflect  .   (no cloak)
rCorr    .         Harm     .   (no gloves)
MR       .....                  (no boots)
Stlth    ++........             (no amulet)
HPRegen  0.11/turn              (no ring)
MPRegen  0.13/turn              (no ring)

@: no status effects
A: small, carnivore
a: no special abilities


You were on level 4 of the Dungeon.
You were very full.

You visited 2 branches of the dungeon, and saw 5 of its levels.

You collected 145 gold pieces.

Inventory:

Hand Weapons
 a - a +1 falchion (weapon)
 n - a +0 blowgun
Missiles
 l - 53 bolts
 o - 11 poisoned needles
Armour
 h - a +0 robe (worn)
Wands
 f - a wand of iceblast (10)
Scrolls
 e - a scroll of immolation
 i - 2 scrolls of teleportation
 k - 2 scrolls of remove curse
Potions
 b - a potion of flight
 p - a potion of might
Comestibles
 c - 4 rations


   Skills:
 * Level 1.3 Fighting
 * Level 3.4 Dodging
 - Level 3.0 Stealth
 * Level 4.3 Spellcasting
 * Level 3.7 Conjurations
 * Level 3.3 Fire Magic
 * Level 1.6 Evocations


You had 8 spell levels left.
You knew the following spells:

 Your Spells              Type           Power        Failure   Level  Hunger
a - Flame Tongue          Conj/Fire      ###..        3%          1    None
c - Sticky Flame          Conj/Fire      ###.....     32%         4    ####...

Your spell library contained the following spells:

 Spells                   Type           Power        Failure   Level  Hunger
 Throw Flame              Conj/Fire      ###...       4%          2    ##.....
 Conjure Flame            Conj/Fire      ###.....     10%         3    ###....
 Inner Flame              Hex/Fire       #.......     22%         3    ###....
 Fireball                 Conj/Fire      ###.......   67%         5    ######.


Dungeon Overview and Level Annotations

Branches:
Dungeon (4/15)             Temple (1/1) D:4

Altars:
Ashenzari
Cheibriados
Dithmenos
Fedhas
Gozag
Hepliaklqana
Kikubaaqudgha
Makhleb
Nemelex Xobeh
Qazlal
Ru
Sif Muna
Trog
Uskayaw
Wu Jian
Xom


Innate Abilities, Weirdness & Mutations

You are small and have problems with some larger weapons.
You are carnivorous and can eat meat at any time.


Message History

The orc wizard points at you and mumbles some strange words.
You are confused.
You bump into the rock wall.
You bump into the rock wall.
The orc priest looks braver for a moment.
You bump into the rock wall.
Okay, then.
The orc wizard gestures at you while chanting.
The puff of flame hits you!
The orc wizard casts a spell.
The orc wizard flickers and vanishes!
Deactivating autopickup; reactivate with Ctrl-A.
You bump into the rock wall.
You feel less confused.
The orc wizard gestures at you while chanting.
The magic dart hits you!
* * * LOW HITPOINT WARNING * * *
The orc wizard gestures at you while chanting.
The magic dart hits you!
You die...

..##<#.........#.⌠.⌠.#.......#...
####.#.##.<....#.....#.##.##.#..<
# #.#.###.###.###+###.##....####
#...)...# #.... ..####..# #
##.###### #...# ##.# ..# #.#
#...## #.. ..# ##.########....
... .## ###..............## ## #
. ......# #.. #@# ####.###.
###.#####..#####.###.......#
.......o)...o.....##.##.# #.#
..#.#...#####.##.....##.# #..
o.#..... #.###.##.##.# ###
........ ..# #.......# #......#
#### #.......# #####.
######.##..#.# #. #..........#.#


You could see an orc wizard.

Vanquished Creatures
  An ogre (D:4)
  A howler monkey (D:4)
  Natasha (thrice) (D:3)
  5 adders
  An ooze (D:1)
  An adder skeleton (D:4)
  2 worms
  4 dart slugs
  2 leopard geckos (D:2)
  4 orcs (D:4)
  4 giant cockroaches
  8 goblins
  6 hobgoblins
  7 kobolds
  2 quokkas (D:3)
  A ball python (D:3)
  10 bats
  4 frilled lizards
  4 rats
70 creatures vanquished.

Notes
Turn   | Place    | Note
-------+----------+-------------------------------------------
     0 | D:1      | Ihlosi the Kobold Fire Elementalist began the quest for the
                  | Orb.
     0 | D:1      | Reached XP level 1. HP: 10/10 MP: 3/3
   282 | D:1      | Reached XP level 2. HP: 8/15 MP: 0/5
   668 | D:1      | Reached XP level 3. HP: 14/19 MP: 2/6
  1327 | D:2      | Reached XP level 4. HP: 11/24 MP: 2/8
  1381 | D:2      | Learned a level 4 spell: Sticky Flame
  1391 | D:2      | Reached skill level 3 in Spellcasting
  1527 | D:2      | Found an opulent altar of Gozag.
  1973 | D:3      | Found an ornate altar of the Wu Jian Council.
  1973 | D:3      | Noticed Natasha
  1982 | D:3      | Killed Natasha
  1982 | D:3      | Reached XP level 5. HP: 17/28 MP: 2/10
  2173 | D:3      | Found a sparkling altar of Nemelex Xobeh.
  2407 | D:3      | Found a hazy altar of Hepliaklqana.
  2552 | D:3      | Noticed Natasha
  2555 | D:3      | Killed Natasha
  2555 | D:3      | Reached skill level 1 in Evocations
  2570 | D:3      | Noticed Natasha
  2575 | D:3      | Found an ornate altar of the Wu Jian Council.
  2582 | D:3      | Killed Natasha
  2634 | D:4      | Reached skill level 1 in Fighting
  2634 | D:4      | Reached XP level 6. HP: 29/34 MP: 4/11
  2726 | D:4      | Found a snail-covered altar of Cheibriados.
  2936 | D:4      | Found a staircase to the Ecumenical Temple.
  2944 | Temple   | Entered the Ecumenical Temple
  3100 | D:4      | Reached skill level 4 in Spellcasting
  3119 | D:4      | Noticed an ogre
  3137 | D:4      | Killed an ogre
  3288 | D:4      | Killed from afar by an orc wizard

Skill      XL: |  1  2  3  4  5  6 |
---------------+-------------------+-----
Stealth        | 3 |  3.0
Dodging        | 3 |  3.4
Conjurations   | 2 3 |  3.7
Spellcasting   | 3 4 |  4.3
Evocations     | 1 |  1.6
Fighting       | 1 |  1.3
Fire Magic     | |  3.3

Action                   |  1- 3 |  4- 6 || total
-------------------------+-------+-------++-------
Melee: Unarmed           |    20 |     1 ||    21
       Falchion          |       |    35 ||    35
 Cast: Flame Tongue      |    72 |    61 ||   133
       Sticky Flame      |       |     1 ||     1
  Use: Scroll            |       |     7 ||     7
       Potion            |       |     1 ||     1
 Stab: Sleeping          |     1 |     2 ||     3
  Eat: Chunk             |    10 |     6 ||    16
Armor: Robe              |    11 |     3 ||    14
Dodge: Dodged            |    46 |    41 ||    87
       Rpst.: Falchion   |       |    12 ||    12
